 Dungeon Crawl Stone Soup version 0.27-a0-1301-g128193abf8 (webtiles) character file.

Game seed: 5092171131136920803

50 HAL9000 the Sneak (level 3, 0/18 HPs)
             Began as a Vine Stalker Brigand on June 17, 2021.
             Succumbed to an adder's poison
             ... on level 2 of the Dungeon.
             The game lasted 00:03:00 (1993 turns).

HAL9000 the Sneak (Vine Stalker Brigand)            Turns: 1993, Time: 00:03:01

Health: 0/18       AC:  3    Str: 14    XL:     3   Next: 79%
Magic:  1/4        EV: 11    Int: 11    God:
Gold:   71         SH:  0    Dex: 15    Spells: 2/2 levels left

rFire    . . .     SeeInvis .   a - +2 dagger
rCold    . . .     Faith    .   (no shield)
rNeg     . . .     Spirit   +   b - +0 robe
rPois    .         Reflect  .   (no helmet)
rElec    .         Harm     .   c - +0 cloak
rCorr    .         Rampage  .   (no gloves)
Will     .....                  (no boots)
Stlth    +++.......             (no amulet)
HPRegen  0.06/turn              (no ring)
MPRegen  0.09/turn              (no ring)

@: lethally poisoned (0 -> -3)
A: fangs 2, magic shield, antimagic bite, no potion heal 2
a: no special abilities


You were on level 2 of the Dungeon.
You visited 1 branch of the dungeon, and saw 2 of its levels.

You collected 71 gold pieces.

Inventory:

Hand Weapons
 a - a +2 dagger (weapon)
Missiles
 d - 6 poisoned darts (quivered)
 e - 2 curare-tipped darts
 h - 8 boomerangs
Armour
 b - a +0 robe (worn)
 c - a +0 cloak (worn)
 g - a +0 buckler
Wands
 i - a wand of flame (9)
Scrolls
 j - a scroll of teleportation {unknown}
 k - 2 scrolls of fear {unknown}
 l - 2 scrolls of summoning {unknown}
 m - a scroll of blinking {unknown}


   Skills:
 - Level 1.7 Fighting
 - Level 2.0 Short Blades
 - Level 1.7 Throwing
 - Level 0.7 Dodging
 + Level 6.6 Stealth


You had 2 spell levels left.
You didn't know any spells.
Your spell library contained the following spells:

 Spells                   Type           Power      Damage    Failure   Level
 Animate Skeleton         Necr           0%         N/A       34%         1
 Pain                     Necr           0%         1d4       34%         1
 Vampiric Draining        Necr           0%         2d6       71%         3
 Animate Dead             Necr           0%         N/A       98%         4
 Agony                    Necr           0%         N/A       100%        5


Dungeon Overview and Level Annotations

Branches:
Dungeon (2/15)

Altars:
Sif Muna


Innate Abilities, Weirdness & Mutations

You have extremely sharp teeth.
When hurt, damage is shared between your health and your magic reserves.
Your bite disrupts and absorbs the magic of your enemies.
Potions cannot restore your health.


Message History

The adder is moderately wounded.
You feel sick.
You are no longer poisoned.
The adder bites you.
You are poisoned.
The adder poisons you!
It was a potion of curing.
Your system rejects the healing.
You feel better. The adder barely misses you. The adder closely misses you.
Unknown command.
The adder closely misses you. The adder bites you but does no damage.
The adder misses you.
Throw: 8 darts (poison)
Press: ? - help, Q - select action, (/) - cycle Shift-Dir - straight line, f - adder
Aim: an adder (moderately wounded, 38% to hit)
You throw a poisoned dart.
The poisoned dart barely misses the adder.
The adder bites you.
You are lethally poisoned!
The adder poisons you!
* * * LOW HITPOINT WARNING * * *
You feel sick.
Throw: 7 darts (poison)
Press: ? - help, Q - select action, (/) - cycle Shift-Dir - straight line, p - adder You throw a poisoned dart.
The poisoned dart closely misses the adder.
* * * LOW HITPOINT WARNING * * *
You feel sick. The adder bites you but does no damage.
The adder barely misses you.
You hit the adder. Your bite misses the adder.
The adder is moderately wounded.
* * * LOW HITPOINT WARNING * * *
You feel sick. The adder bites you but does no damage.
You hit the adder. Your bite misses the adder.
The adder is severely wounded.
* * * LOW HITPOINT WARNING * * *
You feel sick. The adder bites you.
You completely miss the adder.
The adder is severely wounded.
You die...

#########..###.# #.#
#####>.........# #.#
....#.###..###.# .# ..# ##.##
#......#.# ... ..# ##.#
#.#......# #g. ..## ## ##>#
#......#.#### #.# #. ..# ##.#
.#......#.#..# #.# #. ...# ##.#
........###..#.#.# ....# ##.#
#####...#..@.#.#.###.....# #.#
#..<#.##S#...........# #.#
#####.......B###.########### #.#
#...........## #.# #. #.#
#.###...#.#.# #.# ########. #.#
#.# #...#.#.####.# #........ #.#
#.# #.#.#.....B..# #.##..... #.#
#.###.......###..###.##.._..
#.###.....#.....................


You could see an adder and a giant cockroach.

Vanquished Creatures
  An adder (D:2)
  A worm (D:2)
  An endoplasm (D:1)
  2 giant cockroaches
  5 goblins
  7 hobgoblins
  2 jackals (D:2)
  A quokka (D:2)
  3 bats
  6 frilled lizards
  4 kobolds
  3 rats
36 creatures vanquished.

Notes
Turn   | Place    | Note
-------+----------+-------------------------------------------
     0 | D:1      | HAL9000 the Vine Stalker Brigand began the quest for the
                  | Orb.
     0 | D:1      | Reached XP level 1. HP: 11/11 MP: 2/2
   128 | D:1      | Reached skill level 5 in Stealth
   329 | D:1      | Reached XP level 2. HP: 15/15 MP: 3/3
   822 | D:1      | Found a faded altar of an unknown god.
   977 | D:2      | Reached skill level 6 in Stealth
   977 | D:2      | Reached XP level 3. HP: 16/18 MP: 2/4
  1168 | D:2      | Found a shimmering blue altar of Sif Muna.
  1993 | D:2      | Succumbed to an adder's poison

Illustrated notes

Levels and vault maps discovered:
D:1:      psy_arrival_whirlpool, layout_basic,
          shapermc_ecumenical_altar_mp_vishouse
D:2:      layout_basic, basic_altar, chequers_avenue,
          chequers_serial_rivers_small_3

Skill      XL: |  1  2 |
---------------+-------+-----
Short Blades   | 2 |  2.0
Stealth        | 5 6 |  6.6
Fighting       | |  1.7
Throwing       | |  1.7
Dodging        | |  0.7

Action                   || total
-------------------------++-------
Melee: Dagger            ||   110
       Bite              ||    20
Throw: Dart              ||     7
  Use: Potion            ||     1
 Stab: Sleeping          ||     9
Armor: Robe              ||    26
Dodge: Dodged            ||    60

Table legend: (Time is in decaauts)
 A = Elapsed time spent in this place.
 B = Non-inter-level travel time spent in this place.
 C = Inter-level travel time spent in this place.
 D = Time resting spent in this place.
 E = Time spent auto-exploring this place.
 F = Levels seen in this place.
 G = Mean time per level.
                   A        B        C        D        E       F      G
               +--------+--------+--------+--------+--------+-----+--------+
         Total |   1982 |   1936 |     46 |    160 |   1499 |   2 |  991.0 |
       Dungeon |   1982 |   1936 |     46 |    160 |   1499 |   2 |  991.0 |
               +--------+--------+--------+--------+--------+-----+--------+

Top non-repeatable levels by time:
     D:2: 1029 daAuts
     D:1: 953 daAuts
